AoeStats
← Lebende Leiche

Fortress

509696880Analyzed
3v3 RM · 4d ago on Sep 27, 2026· 53m 54s· 6 players
Game mode
Random Map
Map size
Large (8 player)
Population
200
Speed
Normal
Resources
Standard
Victory
Conquest
Starting age
Dark Age
Ending age
Imperial Age
RankedLock teamsTeams togetherTeam positionsShared explorationLock speedFull tech treeHidden civsTurbo modeCheats
Victory
Defeat
🇩🇪 Saracens · Germany
1225
+14
🇩🇪 Spanish · Germany
1224
+14
🇩🇪 Portuguese · Germany
1127
+18
🇹🇷 Burgundians · Türkiye
1267
-19
🇹🇷 Magyars · Türkiye
1154
-14
🇹🇷 Vietnamese · Türkiye
1112
-13
ErsanKuneri
7:08 Feudal Age
7:39 Double-Bit Axe
12:10 Castle Age
11:37 Loom
11:42 Horse Collar
15:44 Gold Mining
18:59 Pikeman
19:47 Scale Barding Armor
22:03 Elite Skirmisher
23:16 Scale Mail Armor
26:09 Town Watch
25:51 Crossbowman
26:39 Fletching
26:50 Padded Archer Armor
27:02 Thumb Ring
28:14 Town Patrol
28:57 Leather Archer Armor
32:07 Wheelbarrow
32:04 Heavy Plow
32:54 Bodkin Arrow
37:13 Imperial Age
36:01 Chain Barding Armor
35:56 Chain Mail Armor
36:41 Corvinian Army
37:20 Bow Saw
38:05 Chain Barding Armor
38:27 Conscription
37:40 Arbalester
39:52 Chemistry
39:50 Bracer
40:21 Ring Archer Armor
44:45 Ballistics
44:45 Hand Cart
49:21 Capped Ram
merd
4:36 Double-Bit Axe
7:04 Feudal Age
7:30 Horse Collar
8:00 Bow Saw
9:02 Loom
12:51 Castle Age
15:27 Forging
15:22 Scale Barding Armor
15:27 Husbandry
15:27 Gold Mining
15:41 Stone Mining
18:14 Wheelbarrow
18:16 Cavalier
21:34 Gold Shaft Mining
22:21 Chain Barding Armor
24:38 Iron Casting
23:49 Pikeman
24:29 Squires
24:30 Scale Mail Armor
26:20 Chain Mail Armor
31:25 Imperial Age
28:42 Town Watch
30:41 Hand Cart
32:53 Plate Barding Armor
33:18 Blast Furnace
32:47 Conscription
32:15 Loom
32:18 Paladin
35:24 Two-Man Saw
35:35 Plate Mail Armor
35:25 Halberdier
39:23 Chemistry
46:39 Town Patrol
slimshady12
2:20 Loom
2:56 Loom
7:40 Feudal Age
12:16 Castle Age
11:03 Double-Bit Axe
11:10 Gold Mining
14:07 Crossbowman
17:08 Fletching
19:36 Padded Archer Armor
22:32 Leather Archer Armor
25:34 Bodkin Arrow
27:38 Horse Collar
31:09 Imperial Age
29:04 Forging
28:54 Scale Mail Armor
29:27 Bow Saw
29:56 Scale Mail Armor
31:42 Heavy Plow
34:32 Iron Casting
34:12 Chain Mail Armor
36:37 Chemistry
37:01 Thumb Ring
37:32 Plate Mail Armor
37:39 Arbalester
39:33 Bracer
40:42 Ring Archer Armor
42:14 Wheelbarrow
41:24 Town Watch
45:06 Ballistics
49:12 Pikeman
El Commandante
7:46 Feudal Age
11:23 Castle Age
9:31 Double-Bit Axe
9:45 Horse Collar
10:28 Padded Archer Armor
12:31 Bloodlines
12:51 Leather Archer Armor
12:43 Loom
14:35 Gold Mining
19:12 Wheelbarrow
22:20 Scale Barding Armor
22:56 Forging
23:29 Bow Saw
24:13 Chain Barding Armor
26:58 Hand Cart
28:37 Iron Casting
33:24 Imperial Age
31:14 Pikeman
32:17 Husbandry
34:20 Cavalier
35:40 Plate Barding Armor
36:05 Heavy Plow
39:02 Blast Furnace
38:36 Ring Archer Armor
41:03 Chemistry
41:46 Conscription
41:32 Caravan
41:39 Elite Conquistador
44:15 Fletching
45:33 Hoardings
44:22 Light Cavalry
45:16 Bodkin Arrow
46:32 Hussar
49:24 Bracer
50:32 Two-Man Saw
runawayking
6:47 Loom
9:34 Feudal Age
15:29 Castle Age
14:05 Wheelbarrow
13:13 Horse Collar
13:26 Double-Bit Axe
14:54 Scale Mail Armor
14:50 Arson
22:41 Forging
21:55 Pikeman
28:50 Imperial Age
26:22 Heavy Plow
26:37 Bow Saw
29:41 Iron Casting
29:21 Chain Mail Armor
29:25 Hand Cart
30:22 Caravan
29:55 Halberdier
33:51 Arquebus
38:32 Elite Organ Gun
38:40 Elite Organ Gun
40:35 Blast Furnace
42:47 Chemistry
42:08 Ballistics
48:30 Plate Mail Armor
Lebende Leiche
8:54 Feudal Age
10:36 Double-Bit Axe
12:55 Castle Age
11:33 Scale Barding Armor
11:13 Horse Collar
11:32 Gold Mining
12:34 Forging
13:03 Loom
14:06 Bloodlines
14:21 Town Watch
15:27 Wheelbarrow
16:12 Bow Saw
17:33 Heavy Plow
21:03 Hand Cart
22:41 Husbandry
23:05 Chain Barding Armor
26:29 Iron Casting
31:01 Imperial Age
28:44 Caravan
29:28 Town Watch
30:00 Fletching
31:12 Heavy Camel Rider
32:56 Stone Mining
34:39 Plate Barding Armor
37:02 Hoardings
36:53 Conscription
37:43 Bodkin Arrow
38:49 Blast Furnace
38:40 Ballistics
39:23 Chemistry
40:05 Two-Man Saw
39:18 Bracer
41:25 Counterweights
44:20 Town Patrol
44:23 Elite Mameluke
47:48 Siege Engineers
47:54 Masonry
51:07 Squires
50:42 Light Cavalry
Connection lost

Rejoining the realm…

Still unreachable

The connection could not be restored.

Session expired

The server has moved on; the page needs a fresh start.